 Dungeon Crawl Stone Soup version 0.31.0-32-g396128a36d (webtiles) character file.

Game seed: 16377574783099045497

35884 kelmen2 the Severer (level 13, -2/117 HPs)
             Began as a Minotaur Berserker on Mar 24, 2024.
             Was the Champion of Trog.
             Killed by divine providence
             ... invoked by an orc high priest
              (15 damage)
             ... on level 2 of the Orcish Mines.
             The game lasted 00:42:17 (16021 turns).

kelmen2 the Severer (Minotaur Berserker)           Turns: 16021, Time: 00:42:18

Health: -2/117     AC: 21    Str: 35    XL:     13   Next: 50%
Magic:  12/12      EV:  9    Int: 10    God:    Trog [******]
Gold:   739        SH: 16    Dex: 13    Spells: 12/12 levels left

rFire   + + .        M - +5 hand axe "Impslayer" {freeze, rPois Will++ Dex-2 Stlth+}
rCold   + . .        V - +0 kite shield
rNeg    . . .        U - +1 plate armour {rF+}
rPois   +            (helmet restricted)
rElec   .            k - scarf of Oklups {rC+ rF+, SInv}
rCorr   .            y - +0 pair of gloves "Niro" {Str+3 Int+4}
SInv    +            J - +1 pair of boots
Will    ++...        O - amulet of reflection Stlth
                     q - +6 ring of strength
HPRegen 0.39/turn    H - +6 ring of dexterity
MPRegen 0.13/turn

%: reflection
@: no status effects
A: horns 2, retaliatory headbutt
a: Renounce Religion, Berserk, Trog's Hand, Brothers in Arms


You were on level 2 of the Orcish Mines.
You worshipped Trog.
Trog was exalted by your worship.
You visited 2 branches of the dungeon, and saw 15 of its levels.
You also visited: Sewer and Gauntlet.

You collected 1745 gold pieces.
You spent 1006 gold pieces at shops.

Inventory:

Hand Weapons
 b - a +2 flail of draining
 z - a +0 war axe
 M - the +5 hand axe "Impslayer" (weapon) {freeze, rPois Will++ Dex-2 Stlth+}
   (You found it on level 7 of the Dungeon)

   Dex-2:     It affects your dexterity (-2).
   rPois:     It protects you from poison Will++: It greatly increases your
   willpower.
   Stlth+:    It makes you more stealthy.
 T - the +3 trident "Efugh" {flame, rC+ Dex+3}
   (You found it in a Gauntlet)

   Dex+3:     It affects your dexterity (+3).
   rC+:       It protects you from cold.
Missiles
 G - a throwing net (quivered)
Armour
 a - the +2 pair of gloves of Refuge {Dex+2}
   (You found it in a Gauntlet)

   Dex+2:     It affects your dexterity (+2).
 k - the scarf of Oklups (worn) {rC+ rF+, SInv}
   (You acquired it on level 8 of the Dungeon)

   SInv:      It lets you see invisible.
 y - the +0 pair of gloves "Niro" (worn) {Str+3 Int+4}
   (You acquired it on level 8 of the Dungeon)

   Str+3:     It affects your strength (+3).
   Int+4:     It affects your intelligence (+4).
 D - a +1 pair of gloves of infusion
 J - a +1 pair of boots (worn)
 U - a +1 plate armour of fire resistance (worn)
 V - a +0 kite shield (worn)
Jewellery
 c - a +6 ring of strength
 o - the amulet "Roecoqeh" {RegenMP Dex+2}
   (You took it off a minotaur in a Gauntlet)

   [amulet of magic regeneration]

   RegenMP:   It increases your rate of magic regeneration.
   Dex+2:     It affects your dexterity (+2).
 q - a +6 ring of strength (left hand)
 r - an amulet of regeneration
 s - a +5 ring of evasion
 E - a ring of see invisible
 H - a +6 ring of dexterity (right hand)
 N - a ring of protection from cold
 O - an amulet of reflection (around neck)
 S - an amulet of guardian spirit
Wands
 j - a wand of flame (42)
 l - a wand of roots (5)
 I - a wand of mindburst (16)
 Q - a wand of digging (9)
 R - a wand of polymorph (15)
Scrolls
 g - 11 scrolls of teleportation
 m - 6 scrolls of fog
 p - a scroll of vulnerability
 w - 3 scrolls of fear
 C - a scroll of torment
 F - 2 scrolls of immolation
 K - a scroll of revelation
 P - 4 scrolls of identify
 W - a scroll of amnesia {unknown}
Potions
 d - a potion of magic {unknown}
 e - 3 potions of attraction
 f - a potion of invisibility
 h - 4 potions of lignification
 i - a potion of ambrosia
 n - a potion of heal wounds
 t - 3 potions of might
 u - 2 potions of haste
 v - 2 potions of cancellation
 x - 2 potions of mutation
 A - 3 potions of resistance
 B - 4 potions of curing
 L - 2 potions of berserk rage
Miscellaneous
 X - a box of beasts


   Skills:
 + Level 11.8 Fighting
 * Level 17.3(17.9) Axes
 + Level 7.6(13.5) Maces & Flails
 + Level 13.9 Armour
 + Level 3.3 Dodging
 + Level 1.0 Stealth
 + Level 10.3 Shields


You had 12 spell levels left.
You didn't know any spells.
Your spell library was empty.

Dungeon Overview and Level Annotations

Branches:
Dungeon (13/15)            Temple (0/1) D:4            Lair (0/5) D:10
    Orc (2/2) D:12          Sewer (visited)         Gauntlet (visited)
    Elf: Orc:2       Vaults: D:13-14

Altars:
Ashenzari
Gozag
Hepliaklqana
Qazlal
Uskayaw
Vehumet
Wu Jian
Yredelemnul

Shops:
D:4 (   D:12 [   Orc:2 :

Portals:
Trove: D:12 (give 19 potions of curing)


Innate Abilities, Weirdness & Mutations

You have a pair of horns on your head.
You reflexively headbutt those who attack you in melee.


Message History

The orc knight hits you with a +0 long sword!!
You block the orc knight's attack.
You slash the orc knight! You freeze the orc knight.
Your headbutt misses the orc knight.
The orc knight is severely wounded.
You hit the orc high priest. You freeze the orc high priest.
You slash the orc knight! You freeze the orc knight.
You block the orc high priest's attack.
The orc knight hits you with a +0 long sword.
* * * LOW HITPOINT WARNING * * *
You block the orc high priest's attack.
Your deep troll goes berserk!
The orc knight hits you but does no damage.
The orc high priest mumbles some strange prayers to Beogh.
Send 'em back where they came from!
Trog shields your ally from puny magic! The orc knight closely misses you.
The orc high priest hits you with a +0 mace!
* * * LOW HITPOINT WARNING * * *
You feel much better. You block the orc knight's attack.
The smoke demon gestures at you. Beogh smites you!
* * * LOW HITPOINT WARNING * * *
The orc knight hits you with a +0 long sword!
* * * LOW HITPOINT WARNING * * *
The orc priest mumbles some strange prayers to Beogh against you.
Beogh smites you!
* * * LOW HITPOINT WARNING * * *
You block the orc high priest's attack.
The orc high priest hits you with a +0 mace.
* * * LOW HITPOINT WARNING * * *
The orc knight unwields a +0 great sword.
The orc knight wields a +0 arbalest.
The orc knight shoots a bolt.
The bolt barely misses your deep troll.
You block the bolt with an invisible shield... and reflect it back!
The bolt hits your deep troll!
The orc knight hits your deep troll with a +0 long sword!
The orc high priest invokes the aid of Beogh against you.
Beogh smites you!
You die...

#............
############# ####### #.
###.....### #.
###.........####.
##.............##.
###...............#.
.#.#3#o#)#.#.#.#.#.#.#.#.
..oo43oT@)...............
..ooo#o#)).........^.....
...


oo.................)) . #o#.#.#.#.#.#.#.#.#)#) ...###...............#) ...
##.............##. ..# ###.........## #. ## ###.....### #. ## #. You could see 2
orc knights, 2 orc high priests, a sun demon (summoned), a smoke demon
(summoned), a chaos spawn (summoned), 6 orc warriors, an orc priest (strong) and
a friendly deep troll (summoned, berserk).

Vanquished Creatures
  A minotaur (Gauntlet)
  Azrael (D:13)
  Erolcha (D:10)
  3 centaur warriors (D:13)
  2 boulder beetles
  A two-headed ogre (Orc:2)
  2 orc high priests (Orc:2)
  Urug (D:10)
  Amaemon (D:10)
  4 skeletal warriors (D:13)
  Pikel (D:7)
  2 orc knights (Orc:2)
  A harpy (shapeshifter) (D:13)
  An orc sorcerer (Orc:2)
  3 cyclopes
  2 ugly things
  A manticore (D:12)
  3 meliai (Gauntlet)
  Joseph (D:7)
  2 kobold blastminers (Orc:2)
  Maggie (D:9)
  2 gargoyles
  4 unseen horrors
  An orange demon (D:10)
  2 kobold demonologists
  A komodo dragon (D:9)
  Psyche (D:12)
  2 trolls (Orc:1)
  A hornet (D:6)
  5 slime creatures (D:13)
  A shadow (D:11)
  A basilisk (D:13)
  2 fire elementals (D:13)
  6 wraiths
  3 wyverns
  2 wargs (Orc:2)
  7 vampire mosquitoes
  17 yaks
  A basilisk (shapeshifter) (D:13)
  A steam dragon (D:7)
  Grum (D:8)
  Menkaure (D:7)
  4 hell hounds (D:13)
  2 water moccasins
  5 black bears
  21 orc warriors
  4 ice beasts
  2 sky beasts
  4 wolves
  8 centaurs
  4 ogres
  2 lemures (D:7)
  A phantom (D:3)
  5 kobold brigands
  A gnoll sergeant (D:12)
  6 bullfrogs
  5 scorpions
  3 wights (D:7)
  6 killer bees
  2 bombardier beetles
  3 hounds
  3 jellies
  Crazy Yiuf (D:7)
  22 orc priests
  A gnoll bouda (D:6)
  Terence (D:2)
  2 iguanas
  2 sleepcaps
  Natasha (twice) (D:2)
  15 orc wizards
  6 adders
  14 gnolls
  A white imp (D:6)
  3 dart slugs
  6 ribbon worms
  51 orcs
  7 bats
  4 endoplasms
  4 giant cockroaches
  9 goblins
  8 hobgoblins
  3 jackals (D:1)
  39 kobolds
  2 quokkas (D:2)
  13 ball pythons
  3 frilled lizards (D:2)
  16 rats
423 creatures vanquished.

Vanquished Creatures (collateral kills)
  An entropy weaver (Gauntlet)
1 creature vanquished.

Grand Total: 424 creatures vanquished

Notes
Turn   | Place    | Note
-------+----------+-------------------------------------------
     0 | D:1      | kelmen2 the Minotaur Berserker began the quest for the Orb.
     0 | D:1      | Reached XP level 1. HP: 19/19 MP: 0/0
    50 | D:1      | Reached skill level 4 in Axes
    50 | D:1      | Reached XP level 2. HP: 14/27 MP: 1/1
   359 | D:1      | Reached XP level 3. HP: 34/34 MP: 2/2
   450 | D:1      | Reached ** piety under Trog
   685 | D:2      | Noticed Terence
   695 | D:2      | Killed Terence
   696 | D:2      | Reached XP level 4. HP: 10/41 MP: 3/3
   895 | D:2      | Reached skill level 5 in Axes
  1076 | D:2      | Found a radiant altar of Vehumet.
  1468 | D:2      | Noticed Natasha
  1476 | D:2      | Killed Natasha
  1701 | D:2      | Noticed Natasha
  1708 | D:2      | Killed Natasha
  1709 | D:2      | Reached XP level 5. HP: 35/47 MP: 4/4
  2004 | D:3      | Noticed a phantom
  2015 | D:3      | Killed a phantom
  2016 | D:3      | Reached skill level 6 in Axes
  2016 | D:3      | Reached XP level 6. HP: 55/55 MP: 5/5
  2047 | D:3      | Reached skill level 5 in Fighting
  2111 | D:3      | Found a faded altar of an unknown god.
  2362 | D:3      | Reached skill level 7 in Axes
  2648 | D:4      | Found a glowing drain.
  2667 | Sewer    | Entered a sewer
  2673 | Sewer    | Reached *** piety under Trog
  3014 | D:4      | Reached XP level 7. HP: 34/61 MP: 6/6
  3199 | D:4      | Found a staircase to the Ecumenical Temple.
  3301 | D:4      | Found Zeehulom's Antique Weapon Shop.
  3525 | D:4      | Reached skill level 5 in Armour
  3551 | D:4      | Reached skill level 8 in Axes
  3899 | D:5      | Entered Level 5 of the Dungeon
  4313 | D:5      | Found a basalt altar of Yredelemnul.
  4324 | D:5      | Reached skill level 9 in Axes
  4468 | D:5      | Found an opulent altar of Gozag.
  4497 | D:5      | Reached XP level 8. HP: 56/69 MP: 7/7
  4554 | D:5      | Reached **** piety under Trog
  4979 | D:6      | Reached skill level 10 in Axes
  5330 | D:6      | Noticed an unseen horror
  5334 | D:6      | Killed an unseen horror
  5335 | D:6      | Reached skill level 11 in Axes
  5335 | D:6      | Reached skill level 1 in Maces & Flails
  5357 | D:6      | Reached XP level 9. HP: 75/75 MP: 8/8
  5523 | D:6      | Noticed a purple ugly thing
  5535 | D:6      | Killed a purple ugly thing
  5945 | D:6      | Reached skill level 12 in Axes
  6189 | D:7      | Reached skill level 5 in Maces & Flails
  6267 | D:7      | Identified the +5 hand axe "Impslayer" {freeze, rPois
                  | Will++ Dex-2 Stlth+}
  6498 | D:7      | Found a runed translucent door.
  6499 | D:7      | Noticed Crazy Yiuf
  6504 | D:7      | Killed Crazy Yiuf
  6584 | D:7      | Found a broken altar of Ashenzari.
  6598 | D:7      | Noticed Joseph
  6674 | D:7      | Killed Joseph
  6675 | D:7      | Reached XP level 10. HP: 86/86 MP: 9/9
  6971 | D:7      | Noticed Menkaure
  6979 | D:7      | Killed Menkaure
  7006 | D:7      | Noticed Pikel
  7017 | D:7      | Killed Pikel
  7549 | D:8      | Reached skill level 13 in Axes
  7676 | D:8      | Noticed Grum
  7686 | D:8      | Killed Grum
  7749 | D:8      | Identified 4 scrolls of acquirement
  7749 | D:8      | Acquired the scarf of Oklups {rC+ rF+, SInv}
  7750 | D:8      | Acquired an amulet of regeneration
  7768 | D:8      | Acquired the +0 pair of gloves "Niro" {Str+3 Int+4}
  7769 | D:8      | Acquired 341 gold pieces
  7984 | D:9      | Reached skill level 14 in Axes
  8306 | D:9      | Found a hazy altar of Hepliaklqana.
  8422 | D:9      | Found an ornate altar of the Wu Jian Council.
  8531 | D:9      | Reached skill level 1 in Shields
  8531 | D:9      | Reached XP level 11. HP: 54/95 MP: 10/10
  8849 | D:9      | Noticed Maggie
  8862 | D:9      | Killed Maggie
  9153 | D:10     | Entered Level 10 of the Dungeon
  9162 | D:10     | Found a stormy altar of Qazlal.
  9198 | D:10     | Reached skill level 10 in Armour
  9245 | D:10     | Reached ***** piety under Trog
  9584 | D:10     | Noticed Urug
  9648 | D:10     | Killed Urug
  9686 | D:10     | Noticed Erolcha
 10223 | D:10     | Noticed Amaemon
 10243 | D:10     | Killed Amaemon
 10255 | D:10     | Reached skill level 15 in Axes
 10281 | D:10     | Found a staircase to the Lair.
 10780 | D:10     | Killed Erolcha
 11023 | D:11     | Found a hide-covered altar of Uskayaw.
 12114 | D:12     | Found Nywuss's Antique Armour Emporium.
 12119 | D:12     | Bought a runed plate armour for 858 gold pieces
 12119 | D:12     | Bought a kite shield for 148 gold pieces
 12275 | D:12     | Found a staircase to the Orcish Mines.
 12373 | D:12     | Noticed a purple ugly thing
 12381 | D:12     | Killed a purple ugly thing
 12454 | D:12     | Noticed a boulder beetle
 12457 | D:12     | Reached XP level 12. HP: 106/106 MP: 11/11
 12466 | D:12     | Noticed Psyche
 12475 | D:12     | Reached skill level 10 in Fighting
 12484 | D:12     | Killed Psyche
 12488 | D:12     | Killed a boulder beetle
 12504 | D:12     | Reached skill level 5 in Shields
 12763 | D:12     | Found a portal to a secret trove of treasure.
 12978 | D:13     | Noticed a boulder beetle
 12982 | D:13     | Received a gift from Trog
 12998 | D:13     | Killed a boulder beetle
 13029 | D:13     | Reached skill level 1 in Stealth
 13047 | D:13     | Reached skill level 16 in Axes
 13106 | D:13     | Noticed a centaur warrior
 13110 | D:13     | Killed a centaur warrior
 13116 | D:13     | Noticed a centaur warrior
 13124 | D:13     | Killed a centaur warrior
 13356 | D:13     | Found a gate leading to a gauntlet.
 13367 | Gauntlet | Entered a Gauntlet
 13367 | Gauntlet | Noticed an entropy weaver
 13367 | Gauntlet | Found a transporter.
 13367 | Gauntlet | Found a transporter.
 13367 | Gauntlet | Found a transporter.
 13386 | Gauntlet | Found a transporter.
 13389 | Gauntlet | Found a transporter.
 13391 | Gauntlet | Found a large runed translucent door.
 13392 | Gauntlet | Found a large runed translucent door.
 13394 | Gauntlet | Found a large runed translucent door.
 13394 | Gauntlet | Found a large runed translucent door.
 13394 | Gauntlet | Found a runed translucent door.
 13395 | Gauntlet | Found a large runed translucent door.
 13402 | Gauntlet | Found a transporter.
 13406 | Gauntlet | Found a transporter.
 13411 | Gauntlet | Found a transporter.
 13440 | Gauntlet | Found a runed translucent door.
 13442 | Gauntlet | Found a large runed translucent door.
 13442 | Gauntlet | Found a large runed translucent door.
 13442 | Gauntlet | Found a large runed translucent door.
 13443 | Gauntlet | Found a large runed translucent door.
 13444 | Gauntlet | Found a large runed translucent door.
 13444 | Gauntlet | Found a large runed translucent door.
 13445 | Gauntlet | Found a large runed translucent door.
 13445 | Gauntlet | Found a large runed translucent door.
 13446 | Gauntlet | Found a runed translucent gate.
 13446 | Gauntlet | Found a runed translucent gate.
 13446 | Gauntlet | Found a runed translucent gate.
 13448 | Gauntlet | Found a transporter.
 13449 | Gauntlet | Found a transporter.
 13460 | Gauntlet | Found a large runed translucent door.
 13461 | Gauntlet | Found a large runed translucent door.
 13471 | Gauntlet | Found a large runed translucent door.
 13531 | Gauntlet | Found a transporter.
 13562 | Gauntlet | Found a transporter.
 13669 | Gauntlet | Identified the +2 pair of gloves of Refuge {Dex+2}
 13681 | Gauntlet | Killed an entropy weaver
 13979 | Gauntlet | Identified the +3 trident "Efugh" {flame, rC+ Dex+3}
 14007 | Gauntlet | Identified the amulet "Roecoqeh" {RegenMP Dex+2}
 14007 | Gauntlet | Noticed a minotaur
 14017 | Gauntlet | Killed a minotaur
 14212 | D:13     | Noticed Azrael
 14223 | D:13     | Killed Azrael
 14306 | D:13     | Noticed a centaur warrior
 14315 | D:13     | Killed a centaur warrior
 14627 | D:13     | Reached XP level 13. HP: 91/116 MP: 12/12
 14998 | Orc:1    | Entered Level 1 of the Orcish Mines
 15229 | Orc:2    | Entered Level 2 of the Orcish Mines
 15229 | Orc:2    | Found Pehosy's Vocational Training.
 15400 | Orc:2    | Reached skill level 17 in Axes
 15747 | Orc:2    | Reached ****** piety under Trog
 15762 | Orc:2    | Reached skill level 10 in Shields
 16021 | Orc:2    | Killed from afar by an orc high priest

Illustrated notes

Levels and vault maps discovered:
D:1:      wander_arrival_peaceful_grave, layout_basic
D:2:      layout_basic, basic_altar, minmay_tetromino_t4, uniq_terence,
          uniq_natasha
D:3:      layout_loops_ring, chequers_ecumenical_altar_simple_redux
D:4:      layout_loops_corners, minmay_temple_entry_antechambers, serial_shops,
          nicolae_shop_tiny_real_fake_doors, cheibrodos_sewer_entry_drain
D:5:      layout_cave_pods, mainiacjoe_overflow_catch_the_wave
D:6:      minmay_opposing_rooms, layout_basic
D:7:      layout_cave_pods, mainiacjoe_overflow_brackets, dreamdust_gnoll_farm,
          uniq_pikel, uniq_menkaure, uniq_crazy_yiuf_cottage, uniq_joseph
D:8:      layout_rooms, uniq_grum
D:9:      layout_irregular_city, mainiacjoe_overflow_tiny_flanked,
          nicolae_wu_jian_glorious_leap, minmay_holes, lemuel_flame_loot_1,
          uniq_maggie
D:10:     layout_long_grid, grunt_qazlal_sundering, erik_lair_orcish_takeover,
          uniq_erolcha, uniq_urug, uniq_amaemon
D:11:     layout_loops_ring, serial_library_hellmonk_angled_corner,
          nicolae_uskayaw_dance_studio
D:12:     layout_irregular_city, orc_0_dummy, serial_shops, shop,
          nicolae_trove_entry_isolated, nicolae_tricolors, uniq_psyche
D:13:     layout_irregular_city, gauntlet_entry_generic, uniq_azrael
Orc:1:    layout_caves, portal_ice_cave_entry_imps, basic_altar
Orc:2:    st_orc_pillars, layout_diamond_mine, nicolae_shop_vocational

Skill      XL: |  1  2  3  4  5  6  7  8  9 10 11 12 13 |
---------------+----------------------------------------+-----
Fighting       | 4 5 6 7 8 9 11 | 11.8
Axes           | 4 5 6 7 9 11 12 14 15 16 17 | 17.3
Armour         | 3 4 5 7 8 9 12 13 | 13.9
Dodging        | 3 |  3.3
Maces & Flails | 1 6 7 |  7.6
Shields        | 1 4 8 10 | 10.3
Stealth        | 1 |  1.0

Action                     |  1- 3 |  4- 6 |  7- 9 | 10-12 | 13-15 || total
---------------------------+-------+-------+-------+-------+-------++-------
  Melee: Hand axe          |    57 |   165 |   156 |   474 |   211 ||  1063
         Headbutt          |     4 |    25 |    44 |   103 |    38 ||   214
         Punch             |       |     2 |     3 |     1 |       ||     6
         Whip              |       |       |    19 |       |       ||    19
         Flail             |       |       |    84 |       |       ||    84
 Invoke: Berserk           |       |     1 |     5 |     6 |       ||    12
         Brothers in Arms  |       |       |       |     1 |     1 ||     2
         Trog's Hand       |       |       |       |     1 |       ||     1
    Use: Scroll            |       |     1 |     6 |    26 |       ||    33
         Potion            |       |       |       |     2 |     1 ||     3
 Armour: Animal skin       |    21 |       |       |       |       ||    21
         Leather armour    |    16 |       |       |       |       ||    16
         Plate armour      |       |    67 |   201 |   311 |    75 ||   654
         Scale mail        |       |    15 |       |       |       ||    15
  Dodge: Dodged            |    39 |    81 |   136 |   116 |    27 ||   399
  Block: Buckler           |       |       |       |    83 |       ||    83
         Other             |       |       |       |     6 |       ||     6
         Reflection        |       |       |       |    23 |     9 ||    32
         Kite shield       |       |       |       |   176 |   151 ||   327
